Map: Abyssal Reef LE

Players

GangusKaun - Winner!

  • Race: Protoss Protoss
  • League: Gold
  • Spawn Location: 11:00

cupcake

  • Race: Zerg Zerg
  • League: Silver
  • Spawn Location: 5:00

VOD

Have the link to the VOD?

Description

Time

  • Played on: Dec. 8, 2024, 2:50 p.m.
  • Length: 14:09
Show
View Real Time Build Order
Export as new Build Order

GangusKaun Protoss - Winner!

Build Orders: 1 Gate Expand, Oracle Opening 

Get SALT Encoding   

  12  0:02  Probe  
  13  0:19  Pylon  
  13  0:21  Probe  
  14  0:34  Probe  
  15  0:46  Gateway  
  15  0:52  Assimilator  
  15  0:54  Probe  
  16  1:09  Probe  
  17  1:21  Probe  
  18  1:33  Nexus, Probe  
  19  1:50  Cybernetics Core  
  19  1:56  Probe  
  19  1:59  Assimilator  
  20  2:04  Pylon  
  20  2:18  Probe  
  21  2:30  Probe  
  21  2:33  Stargate  
  21  2:35  Adept  
  21  2:36  Warp Gate  
  24  2:47  Probe  
  24  2:48  Probe  
  26  2:59  Probe  
  26  3:01  Probe  
  28  3:09  Adept  
  28  3:12  Probe  
  31  3:13  Probe  
  32  3:20  Shield Battery  
  32  3:26  Probe x2  
  34  3:38  Probe x2  
  36  3:42  Forge, Twilight Council  
  36  3:47  Oracle  
  39  3:53  Probe  
  41  3:55  Probe  
  41  3:58  Protoss Ground Weapons Level 1  
  41  4:03  Adept  
  41  4:05  Probe  
  44  4:27  Assimilator  
  44  4:29  Assimilator  
  44  4:31  Pylon  
  44  4:33  Pylon  
  44  4:36  Gateway  
  44  4:37  Charge  
  44  4:39  Gateway  
  44  4:42  Shield Battery  
  44  5:04  Probe x2  
  44  5:06  Zealot  
  48  5:14  Nexus  
  48  5:18  Pylon  
  48  5:27  Pylon, Probe x2  
  50  5:29  Phoenix  
  52  5:38  Zealot x3  
  52  5:39  Probe  
  59  5:53  Photon Cannon  
  59  5:58  Gateway  
  59  6:02  Protoss Shields Level 1, Photon Cannon  
  59  6:04  Gateway  
  59  6:12  Protoss Air Weapons Level 1  
  59  6:38  Probe x2  
  61  6:40  Zealot x3  
  61  6:43  Probe  
  68  6:48  Gateway  
  68  6:49  Gateway  
  68  6:50  Probe  
  69  6:54  Probe  
  69  6:56  Probe  
  71  7:03  Probe  
  71  7:05  Templar Archives  
  71  7:06  Probe  
  71  7:08  Probe  
  74  7:09  Shield Battery  
  74  7:13  Phoenix  
  74  7:15  Probe  
  77  7:18  Probe  
  77  8:02  High Templar, Protoss Ground Weapons Level 2  
  77  8:03  High Templar x5  
  89  8:08  Archon x2  
  89  8:09  Archon  
  90  8:20  Probe x2  
  91  8:33  Probe x2  
  93  8:40  Pylon  
  93  8:44  Pylon  
  93  8:46  Assimilator  
  93  8:50  Assimilator  
  93  8:54  Photon Cannon  
  93  8:55  Photon Cannon  
  93  8:56  Psionic Storm  
  93  8:58  Probe x3, Photon Cannon  
  93  8:59  Zealot  
  93  9:00  Shield Battery, Zealot  
  93  9:02  Zealot x2  
  104  9:03  Pylon, Zealot x2  
  104  9:06  Pylon  
  104  9:08  Robotics Facility  
  108  9:11  Robotics Facility  
  108  9:21  Phoenix  
  108  9:22  Pylon  
  110  9:25  Pylon  
  110  9:30  Stargate  
  110  9:31  Pylon  
  110  9:33  Stargate  
  110  9:34  Pylon  
  110  9:37  High Templar x2  
  114  9:40  Zealot x3  
  114  9:41  Zealot x2  
  124  9:58  Immortal x2  
  132  10:21  Fleet Beacon  
  132  10:33  Nexus  
  132  10:37  Pylon  
  132  10:41  Pylon  
  132  10:44  Assimilator  
  132  10:47  Assimilator  
  132  10:53  Pylon  
  132  10:55  Probe x3  
  135  11:00  Immortal x2  
  147  11:07  Probe  
  147  11:08  Void Ray  
  148  11:19  Stalker x2  
  148  11:20  Stalker x3  
  154  11:43  Phoenix  
  154  11:44  Phoenix  
  154  11:45  Phoenix  
  151  12:04  Protoss Air Armor Level 1  
  149  12:08  Phoenix  
  149  12:13  Probe x3  
  154  12:25  Probe x2  
  154  12:28  Shield Battery, Photon Cannon x3  
  154  12:29  Pylon x2  
  156  12:33  Pylon  
  156  12:35  Unknown  
  156  12:37  Photon Cannon  
  156  12:42  Pylon x3  
  156  12:44  Shield Battery  
  156  12:46  Shield Battery  
  156  12:50  Immortal x2  
  164  12:57  Stalker x3  
  170  13:06  Photon Cannon  
  170  13:08  Pylon, Photon Cannon  
  158  13:13  Photon Cannon  
  158  13:18  Pylon  
  158  13:20  Archon  
  158  13:21  Pylon  
  158  13:24  High Templar x3  
  158  13:25  High Templar  
  158  13:26  High Templar x3  
Show
View Real Time Build Order
Export as new Build Order

cupcake Zerg 

Build Orders: Hatch First 

Get SALT Encoding   

  12  0:00  Drone  
  13  0:13  Overlord  
  13  0:17  Drone  
  14  0:31  Drone x2  
  16  0:38  Drone  
  17  0:56  Drone  
  18  0:59  Drone  
  18  1:02  Hatchery  
  18  1:10  Extractor  
  17  1:14  Spawning Pool  
  17  1:16  Drone  
  17  1:20  Drone  
  18  1:30  Drone  
  19  1:40  Overlord  
  19  2:02  Zergling x4  
  19  2:04  Queen  
  23  2:13  Drone  
  24  2:17  Queen  
  24  2:18  Drone  
  27  2:29  Roach Warren  
  26  2:31  Drone  
  26  2:36  Drone x2  
  29  2:39  Drone  
  30  2:47  Overlord  
  30  2:53  Overlord  
  30  3:00  Drone  
  30  3:03  Drone  
  32  3:07  Lair  
  32  3:11  Drone  
  33  3:14  Drone  
  33  3:19  Roach x3  
  40  3:29  Extractor  
  39  3:36  Roach x4  
  39  3:39  Extractor  
  46  3:41  Drone  
  46  3:42  Drone  
  46  3:46  Overlord  
  48  3:49  Drone x3  
  48  3:54  Overlord  
  48  3:55  Overlord  
  51  4:06  Drone x2  
  51  4:07  Drone  
  51  4:09  Drone  
  55  4:13  Extractor  
  54  4:18  Roach x2  
  54  4:20  Glial Reconstitution  
  58  4:25  Overlord  
  58  4:30  Drone x2  
  60  4:36  Drone x3  
  63  4:40  Drone  
  63  4:43  Drone  
  65  4:47  Drone x2  
  65  4:48  Drone  
  65  4:51  Overlord  
  68  5:06  Hatchery  
  67  5:07  Roach x3  
  67  5:09  Roach  
  67  5:10  Roach  
  77  5:16  Drone  
  77  5:19  Overlord x2  
  78  5:37  Roach x4  
  78  5:38  Roach  
  78  5:41  Roach x2  
  92  5:53  Roach  
  92  5:54  Roach x3  
  100  5:57  Overlord x2  
  100  6:07  Roach x3  
  100  6:08  Roach  
  108  6:17  Spire  
  107  6:24  Hydralisk Den  
  106  6:28  Infestation Pit  
  106  6:32  Drone x5  
  110  6:34  Queen  
  110  6:35  Drone  
  113  6:48  Spore Crawler  
  113  6:51  Spore Crawler  
  113  6:52  Spore Crawler  
  113  6:53  Spore Crawler  
  109  6:56  Spore Crawler  
  109  6:58  Spore Crawler  
  109  7:00  Spore Crawler x2  
  105  7:07  Spore Crawler  
  104  7:11  Spore Crawler  
  104  7:13  Grooved Spines  
  104  7:22  Drone  
  104  7:23  Drone x2  
  104  7:27  Extractor  
  104  7:29  Extractor  
  104  7:34  Zerg Flyer Weapons Level 1  
  104  7:40  Spire  
  103  7:44  Drone x3  
  103  7:45  Drone x3  
  109  7:52  Drone x2  
  109  7:53  Drone x2  
  109  7:55  Drone  
  114  8:01  Drone x3  
  114  8:03  Muscular Augments, Drone  
  114  8:04  Drone  
  117  8:34  Hive  
  117  8:38  Overlord x6  
  117  8:43  Overseer  
  117  8:51  Drone x3  
  117  8:52  Drone x2  
  122  9:01  Drone  
  123  9:07  Mutalisk x3  
  123  9:08  Mutalisk x6  
  141  9:14  Zerg Flyer Armor Level 1  
  141  9:32  Drone  
  141  9:33  Drone x2  
  144  9:39  Overlord x3  
  144  9:40  Overlord x2  
  144  9:43  Zerg Flyer Weapons Level 2  
  144  9:59  Mutalisk  
  144  10:00  Mutalisk x5  
  144  10:06  Hatchery  
  155  10:09  Extractor  
  155  10:10  Extractor  
  153  10:21  Mutalisk x4  
  153  10:22  Mutalisk x5  
  153  10:25  Mutalisk  
  173  10:38  Evolution Chamber x2  
  173  10:40  Evolution Chamber  
  170  10:55  Roach x2  
  170  10:56  Roach x4  
  182  11:12  Zerg Missile Weapons Level 1, Zerg Melee Weapons Level 1  
  182  11:13  Zerg Ground Armor Level 1  
  116  11:58  Mutalisk x4  
  116  11:59  Mutalisk x6  
  116  12:04  Zergling x8  
  116  12:05  Zergling x14  
  97  12:09  Zergling x10  
  97  12:10  Zergling x2  
  97  12:12  Metabolic Boost  
  103  12:15  Roach x2  
  103  12:16  Zergling x2  
  103  12:17  Zergling x8  
  108  12:27  Queen  
  108  12:28  Drone x3  
  53  13:21  Mutalisk x2  
  53  13:22  Mutalisk x4  
  53  13:25  Hydralisk x2  
  53  13:26  Hydralisk x5  
  77  13:31  Zergling x2  
  77  13:32  Zergling x10  
Tags
 
Add a new tag
Caveats
  • Supply blocks, unpowered buildings, or Contaminate may cause inaccurate times.
  • Supply counts are checked every 10 seconds.